 Dungeon Crawl Stone Soup version 0.28.0-53-g5a82cb258f (webtiles) character file.

Game seed: 2770670930084557354

780 MisterFreud the Covert (level 7, -1/55 (60) HPs)
             Began as a Gnoll Delver on June 15, 2022.
             Was an Initiate of Yredelemnul.
             Slain by a necrophage (2 damage)
             ... on level 5 of the Dungeon.
             The game lasted 00:07:19 (6467 turns).

MisterFreud the Covert (Gnoll Delver)               Turns: 6467, Time: 00:07:20

HP:   -1/55 (60)    AC:  4    Str: 12    XL:     7   Next: 85%
MP:   11/11         EV: 14    Int: 11    God:    Yredelemnul [......]
Gold: 229           SH:  0    Dex: 19    Spells: 11/11 levels left

rFire   . . .      SeeInvis +   v - +1 dagger (venom)
rCold   . . .      Faith    .   (no shield)
rNeg    . . .      Spirit   .   b - +1 leather armour
rPois   .          Reflect  .   (no helmet)
rElec   .          Harm     .   (no cloak)
rCorr   .          Rampage  .   (no gloves)
Will    .....                   (no boots)
Stlth   ++++......              e - amulet of the acrobat
HPRegen 0.18/turn               i - +6 ring of dexterity
MPRegen 0.12/turn               t - ring of see invisible

@: drained
A: fangs 1, strong nose, distributed training
a: Renounce Religion, Recall Undead Harvest


You were on level 5 of the Dungeon.
You worshipped Yredelemnul.
Yredelemnul was noncommittal.
You visited 2 branches of the dungeon, and saw 7 of its levels.
You also visited: Sewer.

You collected 229 gold pieces.

Inventory:

Hand Weapons
 a - a +0 short sword
 p - a +2 war axe of flaming
 v - a +1 dagger of venom (weapon)
Missiles
 j - 3 poisoned darts (quivered)
 w - a boomerang
 y - a throwing net
Armour
 b - a +1 leather armour (worn)
Jewellery
 e - an amulet of the acrobat (around neck)
 i - a +6 ring of dexterity (left hand)
 m - an amulet of reflection
 r - an amulet of guardian spirit
 t - a ring of see invisible (right hand)
 z - a ring of resist corrosion
Wands
 g - a wand of digging (3)
 h - a wand of flame (25)
Scrolls
 c - 2 scrolls of fog
 d - a scroll of magic mapping
 k - 5 scrolls of noise
 l - 5 scrolls of identify
 n - a scroll of enchant armour
 o - 2 scrolls of teleportation
Potions
 f - 2 potions of lignification
 q - 2 potions of degeneration {unknown}
 s - a potion of attraction
 u - 3 potions of heal wounds
 x - a potion of curing {unknown}


   Skills:
 + Level 7.1 Fighting
 + Level 5.4 Short Blades
 + Level 2.7 Long Blades
 + Level 2.7 Axes
 + Level 2.7 Maces & Flails
 + Level 2.7 Polearms
 + Level 2.7 Staves
 + Level 2.7 Slings
 + Level 2.7 Bows
 + Level 2.7 Crossbows
 + Level 2.7 Throwing
 + Level 2.7 Armour
 + Level 5.4 Dodging
 + Level 10.0 Stealth
 + Level 2.7 Shields
 + Level 2.7 Unarmed Combat
 + Level 2.7 Spellcasting
 + Level 2.2 Conjurations
 + Level 2.2 Hexes
 + Level 2.2 Summonings
 + Level 2.2 Necromancy
 + Level 2.2 Translocations
 + Level 2.2 Transmutations
 + Level 2.2 Fire Magic
 + Level 2.2 Ice Magic
 + Level 2.2 Air Magic
 + Level 2.2 Earth Magic
 + Level 2.2 Poison Magic
 + Level 3.0 Invocations
 + Level 2.7 Evocations


You had 11 spell levels left.
You didn't know any spells.
Your spell library contained the following spells:

 Spells                   Type           Power      Damage    Failure   Level
 Sting                    Tmut/Pois      24%        1d4       14%         1
 Summon Small Mammal      Summ           24%        N/A       14%         1
 Poisonous Vapours        Pois/Air       12%        N/A       21%         2
 Call Canine Familiar     Summ           6%         N/A       38%         3
 Portal Projectile        Hex/Tloc       12%        N/A       38%         3
 Summon Guardian Golem    Hex/Summ       6%         N/A       38%         3
 Olgreb's Toxic Radiance  Pois           6%         N/A       80%         4
 Blade Hands              Tmut           3%         N/A       98%         5
 Excruciating Wounds      Necr           3%         N/A       98%         5
 Iskenderun's Battlesphe  Conj           6%         2d6       98%         5
 Iron Shot                Conj/Erth      3%         9d2       100%        6
 Ozocubu's Refrigeration  Ice            3%         4d5       100%        7
 Spellforged Servitor     Conj/Summ      3%         N/A       100%        7
 Ignition                 Fire           3%         3d4       100%        8


Dungeon Overview and Level Annotations

Branches:
Dungeon (6/15)             Temple (1/1) D:4           Sewer (visited)

Altars:
Ashenzari
Cheibriados
Elyvilon
Fedhas
Gozag
Kikubaaqudgha
Makhleb
Nemelex Xobeh
Okawaru
Qazlal
Trog
Uskayaw
Vehumet
Wu Jian
Xom
Yredelemnul
Zin
The Shining One


Innate Abilities, Weirdness & Mutations

You have very sharp teeth.
Your uncanny sense of smell can sniff out nearby items.
Your experience applies equally to all skills.


Message History

The necrophage barely misses you.
You hit the necrophage.
The necrophage is heavily damaged.
The necrophage barely misses you.
You completely miss the necrophage.
The necrophage is heavily damaged.
You closely miss the necrophage.
The necrophage is heavily damaged.
The necrophage closely misses you.
The wight hits you from afar with a +3 halberd of freezing!
* * * LOW HITPOINT WARNING * * *
You feel drained. The wight freezes you.
* * * LOW HITPOINT WARNING * * *
The necrophage hits you.
* * * LOW HITPOINT WARNING * * *
You feel drained.
You climb upwards.
Your mindless puppet stays behind to rot.
There is a stone staircase leading down here.
Unknown command.
Unknown command.
Nothing appears to have answered your call.
The necrophage closely misses you.
You hit the necrophage. You bite the necrophage.
The necrophage is severely damaged.
The necrophage hits you.
* * * LOW HITPOINT WARNING * * *
You hit the necrophage. Your punch misses the necrophage.
The necrophage is severely damaged.
You hit the necrophage.
The necrophage is severely damaged.
The necrophage barely misses you.
The necrophage hits you but does no damage.
You hit the necrophage.
The necrophage is severely damaged.
The necrophage hits you.
* * * LOW HITPOINT WARNING * * *
You feel drained.
You die...
Your body rises from the dead as a mindless zombie.

....##.....#####.###..#####.#.###
.............#8...8#...>........#
.....).......###.###.....#.#..#.#
##........####8...8#####.#...<#.#
.'........# ###.###.....###.##.#
##.......[####8...8#.#######))...
.............###.###.............
.###.....#####8.n.8#.#.#####..##.
.# ####### ###@###.#.........#.
.# #)# #.########..#. .# #.# #.#
#..#. ## #.###.########..##
#.....##.....##.##
##....##.....##...
###....''..........
#......##.....###.. #######
#....####.....# #..


You could see a necrophage.

Vanquished Creatures
  A centaur (D:6)
  4 scorpions
  A water moccasin skeleton (D:4)
  A centaur zombie (D:6)
  2 orc priests
  Jessica (D:2)
  An iguana (D:5)
  An orc wizard (D:3)
  A hound skeleton (D:4)
  4 gnolls
  9 adders
  2 ufetubi
  A worm (D:2)
  3 dart slugs
  10 orcs
  6 bats
  5 endoplasms
  2 giant cockroaches
  10 goblins
  13 hobgoblins
  11 jackals
  5 kobolds
  6 ball pythons
  5 frilled lizards
  5 rats
110 creatures vanquished.

Vanquished Creatures (others)
  4 orc zombies (D:5)
4 creatures vanquished.

Grand Total: 114 creatures vanquished

Notes
Turn   | Place    | Note
-------+----------+-------------------------------------------
     0 | D:5      | Reached skill level 9 in Stealth
     0 | D:5      | MisterFreud the Gnoll Delver began the quest for the Orb.
     0 | D:5      | Reached XP level 1. HP: 23/23 MP: 1/1
    39 | D:6      | Noticed a phantom
   224 | D:5      | Noticed an iguana
   562 | D:4      | Reached XP level 2. HP: 26/29 MP: 2/2
   655 | D:3      | Found a glowing drain.
   662 | Sewer    | Entered a sewer
   750 | Sewer    | Reached XP level 3. HP: 31/35 MP: 3/3
   792 | Sewer    | Noticed Pargi
  1013 | D:3      | Reached skill level 1 in Invocations
  1343 | D:2      | Reached skill level 1 in Long Blades
  1343 | D:2      | Reached skill level 1 in Axes
  1343 | D:2      | Reached skill level 1 in Maces & Flails
  1343 | D:2      | Reached skill level 1 in Polearms
  1343 | D:2      | Reached skill level 1 in Staves
  1343 | D:2      | Reached skill level 1 in Slings
  1343 | D:2      | Reached skill level 1 in Bows
  1343 | D:2      | Reached skill level 1 in Crossbows
  1343 | D:2      | Reached skill level 1 in Throwing
  1343 | D:2      | Reached skill level 1 in Armour
  1343 | D:2      | Reached skill level 1 in Shields
  1343 | D:2      | Reached skill level 1 in Unarmed Combat
  1343 | D:2      | Reached skill level 1 in Spellcasting
  1343 | D:2      | Reached skill level 1 in Evocations
  1519 | D:1      | Reached XP level 4. HP: 41/41 MP: 5/5
  2569 | D:2      | Noticed Jessica
  2572 | D:2      | Killed Jessica
  2573 | D:2      | Reached skill level 1 in Conjurations
  2573 | D:2      | Reached skill level 1 in Hexes
  2573 | D:2      | Reached skill level 1 in Summonings
  2573 | D:2      | Reached skill level 1 in Necromancy
  2573 | D:2      | Reached skill level 1 in Translocations
  2573 | D:2      | Reached skill level 1 in Transmutations
  2573 | D:2      | Reached skill level 1 in Fire Magic
  2573 | D:2      | Reached skill level 1 in Ice Magic
  2573 | D:2      | Reached skill level 1 in Air Magic
  2573 | D:2      | Reached skill level 1 in Earth Magic
  2573 | D:2      | Reached skill level 1 in Poison Magic
  2605 | D:2      | Reached XP level 5. HP: 47/47 MP: 6/6
  3563 | D:3      | Reached XP level 6. HP: 53/53 MP: 8/8
  3891 | D:4      | Reached skill level 5 in Short Blades
  3891 | D:4      | Reached skill level 5 in Dodging
  4302 | D:4      | Found a staircase to the Ecumenical Temple.
  4546 | Temple   | Entered the Ecumenical Temple
  4553 | Temple   | Became a worshipper of Yredelemnul the Dark
  4975 | D:5      | Reached XP level 7. HP: 52/59 MP: 10/10
  5223 | D:5      | Identified the +4 dagger of Dojoph {venom, Fly MP+9}
  5959 | D:5      | Reached * piety under Yredelemnul
  6393 | D:6      | Reached skill level 10 in Stealth
  6467 | D:5      | HP: 1/56 [necrophage (5)]
  6467 | D:5      | Slain by a necrophage

Illustrated notes

Levels and vault maps discovered:
D:1:      co_arrival_random_square_maze, layout_basic, corexii_hall_statues_x
D:2:      cheibrodos_greedy_goblins, layout_rooms, uniq_jessica
D:3:      layout_loops_ring, cheibrodos_sewer_entry_drain
D:4:      layout_basic, minmay_temple_entry_glassed_door, uniq_pargi
D:5:      layout_basic, minmay_misc_feat_hallway, minmay_misc_feat_more_columns
D:6:      minmay_thinvault, layout_loops_ring, chequers_decorated_corner
Temple:   nicolae_temple_no_exploring_needed

Skill      XL: |  1  2  3  4  5  6  7 |
---------------+----------------------+-----
Stealth        | 10 | 10.0
Invocations    | 1 2 3 |  3.0
Long Blades    | 1 2 |  2.7
Axes           | 1 2 |  2.7
Maces & Flails | 1 2 |  2.7
Polearms       | 1 2 |  2.7
Staves         | 1 2 |  2.7
Slings         | 1 2 |  2.7
Bows           | 1 2 |  2.7
Crossbows      | 1 2 |  2.7
Throwing       | 1 2 |  2.7
Armour         | 1 2 |  2.7
Shields        | 1 2 |  2.7
Unarmed Combat | 1 2 |  2.7
Spellcasting   | 1 2 |  2.7
Evocations     | 1 2 |  2.7
Conjurations   | 1 2 |  2.2
Hexes          | 1 2 |  2.2
Summonings     | 1 2 |  2.2
Necromancy     | 1 2 |  2.2
Translocations | 1 2 |  2.2
Transmutations | 1 2 |  2.2
Fire Magic     | 1 2 |  2.2
Ice Magic      | 1 2 |  2.2
Air Magic      | 1 2 |  2.2
Earth Magic    | 1 2 |  2.2
Poison Magic   | 1 2 |  2.2
Short Blades   | 5 |  5.4
Dodging        | 5 |  5.4
Fighting       | 7 |  7.1

Action                   |  1- 3 |  4- 6 |  7- 9 || total
-------------------------+-------+-------+-------++-------
Melee: Short sword       |   101 |    20 |       ||   121
       Bite              |    14 |    15 |    20 ||    49
       Punch             |     2 |     3 |     2 ||     7
       Dagger            |       |   153 |    98 ||   251
Invok: Recall Undead Har |       |       |     1 ||     1
  Use: Potion            |     4 |       |       ||     4
       Scroll            |     1 |     9 |       ||    10
 Stab: Sleeping          |     3 |    27 |     3 ||    33
       Distracted        |       |     1 |       ||     1
Armor: Leather armour    |    22 |    13 |    24 ||    59
Dodge: Dodged            |    63 |    54 |   126 ||   243
Block: Other             |    24 |    10 |       ||    34
       Reflection        |     1 |     1 |       ||     2
